 Dungeon Crawl Stone Soup version 0.17.0-22-g5edae84 (webtiles) character file.

161 Ordine the Magician (level 5, 0/28 HPs)
             Began as a Deep Elf Wizard on Nov 13, 2015.
             Slain by a river rat (8 damage)
             ... on level 3 of the Dungeon.
             The game lasted 00:08:36 (2648 turns).

Ordine the Magician (Deep Elf Wizard)               Turns: 2648, Time: 00:08:36

Health: 0/28       AC:  2    Str:  4    XL:     5   Next: 19%
Magic:  0/15       EV: 12    Int: 24    God:
Gold:   90         SH:  0    Dex: 13    Spells: 5 memorised, 5 levels left

rFire  . . .     SeeInvis .     l - +1 dagger (drain)
rCold  . . .     Clarity  .     a - +0 robe
rNeg   . . .     SustAt   .     (no shield)
rPois  .         Gourm    .     b - +0 hat
rElec  .         Spirit   .     (no cloak)
rCorr  .         Warding  .     (no gloves)
rMut   .         Stasis   .     (no boots)
MR     .....                    (no amulet)
Stlth  ++........               (no ring)
                                (no ring)

@: repel missiles, not resistant to hostile enchantments, unstealthy
A: no striking features
a: no special abilities


You were on level 3 of the Dungeon.
You were not hungry.

You visited 1 branch of the dungeon, and saw 3 of its levels.

You collected 90 gold pieces.

Inventory:

Hand Weapons
 l - a +1 dagger of draining (weapon)
Armour
 a - a +0 robe (worn)
 b - a +0 hat (worn)
Jewellery
 j - an uncursed ring of fire {unknown}
Scrolls
 i - a scroll of amnesia
Potions
 e - a potion of cure mutation {unknown}
 g - 2 potions of curing
 h - a potion of flight
 k - a potion of haste {unknown}
Books
 c - a book of Minor Magic

   Spells                             Type                      Level
   a - Magic Dart                     Conjuration                  1
   b - Blink                          Translocation                2
   c - Call Imp                       Summoning                    2
   d - Repel Missiles                 Charms/Air                   2
   e - Slow                           Hexes                        2
   f - Conjure Flame                  Conjuration/Fire             3
   g - Mephitic Cloud                 Conjuration/Poison/Air       3
Comestibles
 d - 3 bread rations
 f - 3 chunks of flesh


   Skills:
 - Level 2.4 Dodging
 - Level 2.4 Stealth
 * Level 6.0 Spellcasting
 + Level 4.1 Conjurations
 + Level 0.0 Charms
   Level 1.1 Summonings
 + Level 1.5 Translocations
 + Level 0.7 Fire Magic
 + Level 0.2 Air Magic


You had 5 spell levels left.
You knew the following spells:

 Your Spells              Type           Power        Failure   Level  Hunger
a - Magic Dart            Conj           ####         1%          1    None
b - Blink                 Tloc           N/A          8%          2    None
c - Conjure Flame         Conj/Fire      ###.....     12%         3    #......
d - Mephitic Cloud        Conj/Pois/Air  ##......     17%         3    #......
e - Repel Missiles        Chrm/Air       #.....       12%         2    None


Dungeon Overview and Level Annotations

Branches:
Dungeon (3/15)

Altars:
Ashenzari
Yredelemnul


Message History

Press: ? - help, Shift-Dir - straight line, f/p - river rat
Aim: a river rat (severely wounded)
The magic dart hits the river rat.
The river rat is severely wounded.
The goblin hits you with a club!
You closely miss the river rat.
The river rat is severely wounded.
The river rat bites you. The goblin hits you with a club.
The goblin hits you but does no damage. The river rat bites you.
* * * LOW HITPOINT WARNING * * *
Casting: Magic Dart
Confirm with . or Enter, or press ? or * to list all spells.
Aiming: Magic Dart
Press: ? - help, Shift-Dir - straight line, f/p - river rat
Aim: a river rat (heavily wounded)
The magic dart hits the river rat.
The river rat is severely wounded.
The goblin barely misses you. The river rat bites you!
You die...

#.# #.# ########### #.#
#........rw #.#######
#....###### #.......####
#..r.# ........+..# #....#
.#......##.# #....#
.#########.############....#
.'..............@g.......>.#
.#########.##....r....######
.......# #.##.........#
.......+ #.##.....#####
.......#.#.##.....#
.......#.#.##.....#
.......#.#..'.....#
.....(.#.####....##
.......#.# ####.#


You could see a river rat and a goblin.

Vanquished Creatures
  Jessica (D:2)
  4 adders
  A river rat (D:3)
  A gnoll (D:1)
  2 oozes (D:1)
  3 worms
  A ball python (D:2)
  10 hobgoblins
  4 jackals
  6 bats
  3 giant cockroaches
  A giant newt (D:2)
  2 gnoll zombies (D:2)
  10 goblins
  9 kobolds
  11 rats
69 creatures vanquished.

Notes
Turn   | Place    | Note
--------------------------------------------------------------
     0 | D:1      | Ordine the Deep Elf Wizard began the quest for the Orb.
     0 | D:1      | Reached XP level 1. HP: 10/10 MP: 7/7
   250 | D:1      | Reached XP level 2. HP: 15/15 MP: 6/9
   316 | D:1      | Learned a level 2 spell: Blink
   326 | D:1      | Found a shattered altar of Ashenzari.
   701 | D:1      | Reached skill level 5 in Spellcasting
   705 | D:1      | Reached XP level 3. HP: 19/19 MP: 3/11
  1070 | D:1      | Learned a level 3 spell: Conjure Flame
  1082 | D:1      | Learned a level 3 spell: Mephitic Cloud
  1085 | D:1      | Learned a level 2 spell: Repel Missiles
  1255 | D:2      | Noticed Jessica
  1258 | D:2      | Killed Jessica
  1258 | D:2      | Reached XP level 4. HP: 12/24 MP: 4/13
  1975 | D:2      | Found a basalt altar of Yredelemnul.
  2500 | D:3      | Reached XP level 5. HP: 28/28 MP: 11/15
  2620 | D:3      | Reached skill level 6 in Spellcasting
  2648 | D:3      | Slain by a river rat

Action                   |  1- 3 |  4- 6 || total
-------------------------+-------+-------++-------
Melee: Dagger            |       |     3 ||     3
 Cast: Magic Dart        |    72 |   101 ||   173
       Repel Missiles    |     1 |       ||     1
       Conjure Flame     |       |     2 ||     2
  Use: Scroll            |     4 |     3 ||     7
  Eat: Chunk             |     1 |     4 ||     5
